 Dungeon Crawl Stone Soup version 0.23-a0-375-g66a18ee0fb (webtiles) character file.

86982 Rrauwl the Earth Mage (level 15, -13/92 HPs)
             Began as a Gargoyle Earth Elementalist on Oct 25, 2018.
             Was a High Priest of Sif Muna.
             Mangled by a two-headed ogre
             ... wielding a +0 giant spiked club
              (16 damage)
             ... while paralysed by a chaos spawn
             ... on level 13 of the Dungeon on Oct 26, 2018.
             The game lasted 01:45:30 (23848 turns).

Rrauwl the Earth Mage (GrEE)                       Turns: 23848, Time: 01:45:30

Health: -13/92     AC: 34    Str: 18    XL:     15   Next: 89%
Magic:  25/25      EV:  2    Int: 23    God:    Sif Muna [*****.]
Gold:   996        SH:  0    Dex: 18    Spells: 9/28 levels left

rFire    + . .     SeeInvis +   a - +5 rapier of Meatah {protect, rN+ Str+4}
rCold    . . .     Gourm    .   x - +0 buckler
rNeg     + + +     Faith    .   E - +1 ring mail {rF+}
rPois    ∞         Spirit   .   y - +1 helmet of Lifelessness {MR- Regen+ SInv}
rElec    +         Reflect  .   n - +0 cloak
rCorr    .         Harm     .   F - +2 pair of gloves {Dex+3}
MR       .....                  c - +0 pair of boots
Stlth    +++.......             j - amulet of Kifa {+Rage rPois Int+3 Dex+5}
HPRegen  0.65/turn              K - ring of Garow {rN+ Slay+2}
MPRegen  0.19/turn              r - ring of wizardry

@: paralysed, silence (expiring), protection aura, flying
A: big wings, negative energy resistance 1, electricity resistance, unbreathing,
petrification resistance, rot immunity, AC +11
a: Stop Flying, Renounce Religion, Evoke Berserk Rage


You were on level 13 of the Dungeon.
You worshipped Sif Muna.
Sif Muna was extremely pleased with you.
You were not hungry.

You visited 3 branches of the dungeon, and saw 20 of its levels.
You also visited: Bailey and Ice Cave.

You collected 1565 gold pieces.
You spent 569 gold pieces at shops.

Inventory:

Hand Weapons
 a - the +5 rapier of Meatah (weapon) {protect, rN+ Str+4}
   (You found it on level 6 of the Dungeon)

   It protects the one who uses it against injury (+AC on strike).
   It affects your strength (+4).
   It protects you from negative energy.
Missiles
 d - 7 throwing nets
 C - 65 tomahawks of returning (quivered)
 L - 110 stones
Armour
 c - a +0 pair of boots (worn)
 n - a +0 cloak (worn)
 x - a +0 buckler (worn)
 y - the +1 helmet of Lifelessness (worn) {MR- Regen+ SInv}
   (You acquired it on level 4 of the Lair of Beasts)

   It affects your resistance to hostile enchantments.
   It lets you see invisible.
   It increases your rate of regeneration.
 E - a +1 ring mail of fire resistance (worn)
 F - a +2 pair of gloves of dexterity (worn)
Jewellery
 j - the amulet of Kifa (around neck) {+Rage rPois Int+3 Dex+5}
   (You acquired it on level 1 of the Lair of Beasts)

   [amulet of rage]

   It affects your intelligence (+3).
   It affects your dexterity (+5).
   It protects you from poison.
   It lets you go berserk.
 r - a ring of wizardry (right hand)
 K - the ring of Garow (left hand) {rN+ Slay+2}
   (You found it on level 11 of the Dungeon)

   [ring of positive energy]

   It affects your accuracy and damage with ranged weapons and melee attacks
   (+2).
   It protects you from negative energy.
Wands
 h - a wand of flame (40)
 k - a wand of enslavement (3)
 s - a wand of paralysis (32)
 B - a wand of disintegration (12)
Scrolls
 f - a scroll of amnesia
 g - 2 scrolls of fog
 i - 19 scrolls of identify
 l - 14 scrolls of remove curse
 m - a scroll of brand weapon
 p - 9 scrolls of teleportation
 q - a scroll of summoning
 u - a scroll of magic mapping
 v - 2 scrolls of fear
Potions
 b - a potion of agility
 o - 8 potions of heal wounds
 t - 8 potions of might
 w - 12 potions of curing
 A - 3 potions of haste
 D - 2 potions of magic
Comestibles
 e - 32 rations
 H - 14 chunks of flesh


   Skills:
 + Level 9.8 Fighting
 + Level 12.0 Short Blades
 - Level 7.0 Armour
 - Level 7.0 Dodging
 + Level 9.7 Stealth
 + Level 1.3 Shields
 - Level 7.0 Spellcasting
 - Level 3.0 Conjurations
 - Level 3.0 Charms
 - Level 3.0 Necromancy
 - Level 3.0 Transmutations
 - Level 3.0 Air Magic
 - Level 15.0 Earth Magic
 - Level 3.0 Poison Magic
 - Level 7.0 Invocations
 - Level 3.0 Evocations


You had 9 spell levels left.
You knew the following spells:

 Your Spells              Type           Power        Failure   Level  Hunger
a - Sandblast             Erth           ######       1%          1    None
b - Stone Arrow           Conj/Erth      #####.       1%          3    None
c - Passwall              Tmut/Erth      #####...     1%          2    None
d - Lee's Rapid Deconstr  Erth           ######....   1%          5    #####..
e - Regeneration          Chrm/Necr      ###.......   6%          3    None
f - Mephitic Cloud        Conj/Pois/Air  ###.....     6%          3    None
g - Swiftness             Chrm/Air       ###.....     3%          2    None

Your spell library contained the following spells:

 Spells                   Type           Power        Failure   Level  Hunger
 Magic Dart               Conj           ###.         1%          1    None
 Sting                    Conj/Pois      ###.         1%          1    None
 Petrify                  Tmut/Erth      #####...     1%          4    ###....
 Poisonous Vapours        Pois/Air       ###...       3%          2    None
 Searing Ray              Conj           ###...       3%          2    None
 Spider Form              Tmut/Pois      ###.......   6%          3    None
 Ignite Poison            Fire/Tmut/Pois ###.....     9%          3    None
 Dazzling Spray           Conj/Hex       ###...       12%         3    None
 Lesser Beckoning         Tloc           #.........   21%         3    None
 Recall                   Summ/Tloc      N/A          21%         3    None
 Iskenderun's Mystic Bla  Conj           ###.....     21%         4    ###....
 Olgreb's Toxic Radiance  Pois           ###.....     21%         4    ###....
 Force Lance              Conj/Tloc      ###.....     34%         4    ###....
 Fulminant Prism          Conj/Hex       ###.......   34%         4    ###....
 Dispel Undead            Necr           ###.....     45%         5    #####..
 Venom Bolt               Conj/Pois      ###.......   45%         5    #####..
 Aura of Abjuration       Summ           #.........   86%         5    #####..
 Summon Demon             Summ           #.........   86%         5    #####..
 Summon Forest            Summ/Tloc      #.........   86%         5    #####..
 Summon Mana Viper        Hex/Summ       #.......     86%         5    #####..
 Shadow Creatures         Summ           N/A          100%        6    ######.
 Borgnjor's Revivificati  Necr           ###.......   100%        8    #######
 Death's Door             Chrm/Necr      ###.......   100%        8    #######
 Tornado                  Air            ###.......   100%        9    #######


Dungeon Overview and Level Annotations

Branches:
Dungeon (13/15)            Temple (1/1) D:6            Lair (6/6) D:11
 Shoals (0/4) Lair:3       Spider (0/4) Lair:2        Slime (0/5) Lair:6
    Orc (0/2) D:11
 Vaults: D:13-14

Altars:
Ashenzari
Cheibriados
Dithmenos
Elyvilon
Fedhas
Gozag
Hepliaklqana
Kikubaaqudgha
Makhleb
Nemelex Xobeh
Okawaru
Qazlal
Ru
Sif Muna
Trog
Uskayaw
Vehumet
Wu Jian
Xom
Yredelemnul
Zin
The Shining One
Beogh
Jiyva

Shops:
D:5 !   D:7 %   D:9 *

Annotations:
D:8 2 transporters, gorpus's ghost, novice OpWz
D:13 Frances


Innate Abilities, Weirdness & Mutations

You are resistant to torment.
Your stone body is resilient. (AC +11)
You are immune to poison.
Your large and strong wings let you fly indefinitely.
You resist negative energy. (rN+)
You are resistant to electric shocks. (rElec)
You can survive without breathing.
You are immune to petrification.
You are immune to rotting.


Message History

The two-headed ogre hits you but does no damage. x2
The orange demon stings you from afar!
The killer bee is engulfed in noxious fumes.
You kill the killer bee!
Sif Muna accepts your kill.
The chaos spawn hits you but does no damage.
Frances hits you with a +0 halberd!
* * * LOW HITPOINT WARNING * * *
The hellwing hits you but does no damage. x2
The killer bee stings you but does no damage.
The killer bee stings you but does no damage.
The killer bee is engulfed in noxious fumes.
The killer bee appears confused.
The orange demon stings you but does no damage.
Frances hits you with a +0 halberd!
* * * LOW HITPOINT WARNING * * *
The two-headed ogre is engulfed in noxious fumes.
The two-headed ogre hits you but does no damage.
The two-headed ogre hits you with a cursed -1 giant club!
You die...

...##.....##########'##.####'
.............................
.............................
.............................
.........)...................
.............................
...?..o......................
####..####)##############....
o... #..)§O@4..(.......#....
.... #..§§@4y..........#....


.oo #..y§§.4..........#.... y# #..§§§............#.... ###§#########.....###'#
}... #...........#.... ..... #...........#.... .......#...........#....
.......#...........#.... You could see Frances, a two-headed ogre, an orange
demon, a hellwing, a chaos spawn and 2 killer bees.

Vanquished Creatures
  2 minotaurs (D:11)
  A white draconian (IceCv)
  Harold (Lair:2)
  Erolcha (D:9)
  6 hydras
  A centaur warrior (D:13)
  Erica (D:11)
  A catoblepas (Lair:6)
  4 two-headed ogres
  11 death yaks
  A deep troll shaman (Lair:6)
  Urug (D:11)
  The ghost of Xintiuge the Grappler, a journeyman VSMo of Elyvilon (Lair:2)
  3 spriggans (Lair:2)
  An unseen horror (D:13)
  Pikel (D:9)
  3 orc knights
  2 ugly things
  A cyclops (D:11)
  2 manticores
  20 orc warriors
  3 elephants (Lair:6)
  2 black mambas (Lair:5)
  7 spiny frogs
  2 ice statues (IceCv)
  7 komodo dragons
  9 yaktaurs (D:11)
  3 kobold demonologists (D:12)
  A rime drake (Lair:6)
  4 trolls
  3 jumping spiders (Lair:2)
  2 hornets (Lair:2)
  17 polar bears
  Prince Ribbit (D:5)
  A dream sheep (Lair:6)
  A snapping turtle (Lair:3)
  12 blink frogs
  8 hippogriffs
  2 vampires
  A redback (Lair:2)
  A water elemental (D:11)
  34 yaks
  2 wyverns
  3 basilisks
  A hungry ghost (D:9)
  14 water moccasins
  8 porcupines
  2 sky beasts (D:6)
  A swamp drake (D:11)
  3 slaves (D:9)
  3 ice beasts
  2 black bears
  An eye of draining (D:9)
  9 ogres
  A necrophage (D:6)
  A phantom (D:7)
  23 wolves
  A boggart (Lair:2)
  19 centaurs
  9 crocodiles
  3 big kobolds
  12 bullfrogs
  A gnoll sergeant (D:11)
  5 scorpions
  8 killer bees
  7 wights
  9 electric eels
  4 howler monkeys
  8 crimson imps
  5 jellies
  A quasit (D:11)
  14 orc priests
  2 bullfrog zombies
  12 hounds
  6 bullfrog skeletons
  2 centaur skeletons
  A gnoll shaman (D:6)
  16 orc wizards
  Ijyb (D:5)
  5 hell rats (Lair:6)
  5 iguanas
  5 worker ants
  A killer bee zombie (D:9)
  A hound zombie (D:7)
  4 hound skeletons
  Robin (D:4)
  10 adders
  30 gnolls
  2 howler monkey skeletons
  4 shadow imps
  An ooze (D:2)
  3 worms
  8 leopard geckos
  81 orcs
  12 bats
  10 giant cockroaches
  22 goblins
  13 hobgoblins
  9 jackals
  33 kobolds
  6 quokkas
  A ball python skeleton (D:2)
  10 frilled lizards
  3 leopard gecko skeletons
  7 rats
693 creatures vanquished.

Vanquished Creatures (collateral kills)
  The ghost of Somebody the Thaumaturge, a novice DEFE of Sif Muna (D:6)
  The ghost of nawrastar the Firebug, a novice DEFE (D:6)
  A phantom (D:9)
  An orc wizard (D:6)
  2 orcs (D:6)
6 creatures vanquished.

Vanquished Creatures (others)
  A wizard (D:12)
  The ghost of Yermak the Skirmisher, an amateur BaHu of Cheibriados (D:6)
  A yak (IceCv)
  A killer bee (D:11)
  An orc wizard (D:11)
  3 orcs (D:11)
  7 fungi
  7 plants
  A withered plant (D:6)
23 creatures vanquished.

Grand Total: 722 creatures vanquished

Notes
Turn   | Place    | Note
-------+----------+-------------------------------------------
     0 | D:1      | Rrauwl the Gargoyle Earth Elementalist began the quest for
                  | the Orb.
     0 | D:1      | Reached XP level 1. HP: 10/10 MP: 3/3
   207 | D:1      | Reached XP level 2. HP: 16/16 MP: 3/5
   267 | D:1      | Reached skill level 1 in Fighting
   599 | D:1      | Reached skill level 4 in Earth Magic
   993 | D:2      | Reached XP level 3. HP: 20/20 MP: 3/6
  1235 | D:2      | Reached XP level 4. HP: 23/26 MP: 1/7
  1527 | D:2      | You fall through a shaft for 2 floors!
  1567 | D:3      | Reached skill level 5 in Earth Magic
  1946 | D:3      | Reached XP level 5. HP: 30/30 MP: 8/8
  1951 | D:3      | Learned a level 3 spell: Stone Arrow
  1961 | D:3      | Found a sparkling altar of Nemelex Xobeh.
  2364 | D:4      | Noticed Robin
  2381 | D:4      | Noticed an ogre
  2391 | D:4      | Killed an ogre
  2391 | D:4      | Reached skill level 6 in Earth Magic
  2393 | D:4      | Killed Robin
  2405 | D:4      | Reached XP level 6. HP: 26/35 MP: 5/9
  2420 | D:4      | Reached skill level 7 in Earth Magic
  2468 | D:4      | Found a glowing golden altar of the Shining One.
  2525 | D:4      | HP: 1/35 [orc priest/+0 hand axe (1)]
  2531 | D:4      | HP: 1/35 [orc (1)]
  2631 | D:4      | Reached skill level 8 in Earth Magic
  2886 | D:4      | Found a sparkling altar of Nemelex Xobeh.
  3019 | D:5      | Entered Level 5 of the Dungeon
  3046 | D:5      | Reached XP level 7. HP: 36/40 MP: 7/10
  3272 | D:5      | Found Fetabb's Distillery.
  3275 | D:5      | Bought a potion of heal wounds for 70 gold pieces
  3275 | D:5      | Bought a potion of mutation for 112 gold pieces
  3283 | D:5      | Noticed Prince Ribbit
  3290 | D:5      | Killed Prince Ribbit
  3290 | D:5      | Reached skill level 9 in Earth Magic
  3345 | D:5      | Noticed Ijyb
  3352 | D:5      | Killed Ijyb
  3422 | D:5      | Reached skill level 10 in Earth Magic
  3724 | D:5      | Reached XP level 8. HP: 44/44 MP: 11/11
  4083 | D:6      | Found a runed gate.
  4083 | D:6      | Found a runed gate.
  4083 | D:6      | Found a runed gate.
  4084 | D:6      | Noticed nawrastar's ghost (novice DEFE)
  4084 | D:6      | Noticed Yermak's ghost (amateur BaHu)
  4084 | D:6      | Noticed Somebody's ghost (novice DEFE)
  4146 | D:6      | Found a staircase to the Ecumenical Temple.
  4186 | D:6      | Killed Somebody's ghost
  4186 | D:6      | Reached skill level 1 in Conjurations
  4191 | D:6      | Killed nawrastar's ghost
  4191 | D:6      | Reached skill level 1 in Armour
  4198 | D:6      | Your ally Yermak died
  4201 | D:6      | Killed an orc warrior
  4256 | Temple   | Entered the Ecumenical Temple
  4424 | Temple   | Became a worshipper of Sif Muna the Loreminder
  4548 | D:6      | Reached skill level 11 in Earth Magic
  4676 | D:6      | Got a jewelled rapier
  4677 | D:6      | Identified the +5 rapier of Meatah {protect, rN+ Str+4}
                  | (You found it on level 6 of the Dungeon)
  4837 | D:6      | Reached XP level 9. HP: 50/50 MP: 9/13
  5019 | D:6      | Found an ornate altar of the Wu Jian Council.
  5620 | D:7      | Found Saha's Food Emporium.
  5723 | D:7      | Reached skill level 1 in Invocations
  5805 | D:7      | Reached skill level 1 in Evocations
  5835 | D:7      | Learned a level 2 spell: Passwall
  5882 | D:7      | Found a flagged portal.
  5995 | Bailey   | Entered a bailey
  6054 | Bailey   | Reached * piety under Sif Muna
  6224 | Bailey   | Noticed an orc knight
  6238 | Bailey   | Killed an orc knight
  6238 | Bailey   | Reached skill level 12 in Earth Magic
  6815 | D:7      | HP: 1/50 [ogre/+0 giant club (13)]
  7167 | D:7      | Found a snail-covered altar of Cheibriados.
  7253 | D:8      | Reached XP level 10. HP: 52/56 MP: 14/14
  7325 | D:8      | Reached skill level 5 in Invocations
  7644 | D:8      | Found a transporter.
  7800 | D:8      | Found a transporter.
  7803 | D:8      | Noticed gorpus's ghost (novice OpWz)
  7846 | D:8      | Reached skill level 13 in Earth Magic
  8175 | D:9      | Upgraded the game from 0.23-a0-372-g5ce4c07210 to
                  | 0.23-a0-375-g66a18ee0fb
  8178 | D:9      | Noticed a two-headed ogre
  8188 | D:9      | Killed a two-headed ogre
  8188 | D:9      | Reached ** piety under Sif Muna
  8221 | D:9      | Noticed a two-headed ogre
  9019 | D:9      | Identified the ring of Compulsion {*Slow +Blink +Fly rN++
                  | SInv}
  9086 | D:9      | Noticed Pikel
  9105 | D:9      | Killed Pikel
  9105 | D:9      | Reached skill level 5 in Fighting
  9105 | D:9      | Reached skill level 5 in Armour
  9105 | D:9      | Reached XP level 11. HP: 63/63 MP: 11/17
  9137 | D:9      | Killed a two-headed ogre
  9137 | D:9      | Reached skill level 5 in Spellcasting
  9166 | D:9      | Noticed a two-headed ogre
  9206 | D:9      | Noticed Erolcha
  9212 | D:9      | Killed a two-headed ogre
  9212 | D:9      | Reached skill level 5 in Dodging
  9217 | D:9      | Killed Erolcha
  9217 | D:9      | Reached *** piety under Sif Muna
  9363 | D:9      | Found Woraem's Assorted Antiques.
  9366 | D:9      | Bought an ivory wand for 124 gold pieces
  9366 | D:9      | Bought a scroll labeled FOIGYL WISOCEGG for 31 gold pieces
  9366 | D:9      | Bought a scroll of enchant armour for 232 gold pieces
  9368 | D:9      | Reached XP level 12. HP: 61/68 MP: 15/22
  9784 | D:9      | Reached XP level 13. HP: 76/76 MP: 23/23
 10011 | D:9      | Reached skill level 1 in Transmutations
 10135 | D:10     | Entered Level 10 of the Dungeon
 10349 | D:10     | Reached **** piety under Sif Muna
 10529 | D:10     | Found a runed door.
 11150 | D:10     | Found a roughly hewn altar of Beogh.
 11224 | D:11     | Noticed Urug
 11279 | D:11     | Found a staircase to the Lair.
 11279 | D:11     | Noticed Erica
 11366 | D:11     | Killed Erica
 11366 | D:11     | Reached skill level 14 in Earth Magic
 11614 | D:11     | Killed Urug
 12019 | D:11     | Noticed a minotaur
 12033 | D:11     | Identified the ring of Garow {rN+ Slay+2}
 12045 | D:11     | Found a roughly hewn altar of Beogh.
 12053 | D:11     | Reached skill level 10 in Short Blades
 12053 | D:11     | Gained mutation: Your large and strong wings let you fly
                  | indefinitely. [Gargoyle growth]
 12053 | D:11     | Reached XP level 14. HP: 31/84 MP: 21/24
 13575 | D:11     | Reached ***** piety under Sif Muna
 13581 | D:11     | Identified Sif Muna's Theurgy in Simple Steps (Sif Muna
                  | gifted it to you on level 11 of the Dungeon)
 13581 | D:11     | Received a gift from Sif Muna
 13730 | D:11     | Reached skill level 5 in Stealth
 13785 | D:11     | Reached skill level 15 in Earth Magic
 14557 | D:11     | Found a staircase to the Orcish Mines.
 14851 | Lair:1   | Entered Level 1 of the Lair of Beasts
 14947 | Lair:1   | Found the +6 shillelagh "Devastator" {shatter}
 15098 | Lair:1   | Identified a scroll of acquirement
 15099 | Lair:1   | Got a transparent ruby amulet
 15100 | Lair:1   | Identified the amulet of Kifa {+Rage rPois Int+3 Dex+5}
                  | (You acquired it on level 1 of the Lair of Beasts)
 15632 | Lair:2   | Found a runed door.
 15634 | Lair:2   | Noticed Xintiuge's ghost (journeyman VSMo)
 15857 | Lair:2   | Learned a level 5 spell: Lee's Rapid Deconstruction
 15880 | Lair:2   | Noticed Harold
 15881 | Lair:2   | Found a snail-covered altar of Cheibriados.
 16025 | Lair:2   | Learned a level 3 spell: Regeneration
 16029 | Lair:2   | Learned a level 3 spell: Mephitic Cloud
 16059 | Lair:2   | Found a hole to the Spider Nest.
 17207 | Lair:3   | Found a staircase to the Shoals.
 17338 | Lair:4   | Got an encrusted helmet
 17349 | Lair:4   | Identified the +1 helmet of Lifelessness {MR- Regen+ SInv}
                  | (You acquired it on level 4 of the Lair of Beasts)
 17391 | Lair:4   | Reached skill level 1 in Poison Magic
 17953 | Lair:4   | Reached skill level 1 in Air Magic
 18042 | Lair:4   | Reached skill level 1 in Charms
 18326 | Lair:4   | Reached skill level 1 in Necromancy
 18713 | Lair:5   | Found a frozen archway.
 18744 | IceCv    | Entered an ice cave
 19201 | IceCv    | Reached XP level 15. HP: 79/89 MP: 18/25
 20164 | Lair:5   | Identified Sif Muna's Handbook of Cloudy Evil Rituals (Sif
                  | Muna gifted it to you on level 5 of the Lair of Beasts)
 20164 | Lair:5   | Received a gift from Sif Muna
 20169 | Lair:5   | Learned a level 2 spell: Swiftness
 20643 | Lair:6   | Entered Level 6 of the Lair of Beasts
 21780 | Lair:6   | Found a viscous altar of Jiyva.
 21780 | Lair:6   | Found a staircase to the Slime Pits.
 22162 | Lair:2   | Killed Harold
 22259 | Lair:2   | Killed Xintiuge's ghost
 23002 | D:12     | Found a bloodstained altar of Trog.
 23499 | D:13     | Reached skill level 1 in Shields
 23815 | D:13     | Noticed Frances
 23846 | D:13     | Paralysed by a chaos spawn for 5 turns
 23848 | D:13     | HP: 3/92 [Frances/+0 halberd (17)]
 23848 | D:13     | Mangled by a two-headed ogre

Vault maps used:
D:1:      lemuel_arrival_cross, minmay_lizard_pond
D:2:      first_ration, minmay_split_cup_small
D:3:      cheibrodos_helix_gallery, nemelex_diamond_rough_becter
D:4:      lemuel_crystal_altar, lemuel_doored_altar, kennysheep_potato,
          uniq_robin
D:5:      serial_shops, nicolae_shop_behind_doors, uniq_ijyb,
          uniq_prince_ribbit1
D:6:      kennysheep_little_box, temple_fountains, gammafunk_ghost_cemetery
D:7:      cheibrodos_worm_habitat, enter_bailey_3, serial_shops, shop,
          grunt_ogre_cave
D:8:      gammafunk_ghost_stat_death, minmay_misc_feat_secret_circle
D:9:      serial_shops, nicolae_shop_behind_doors, onia_ninara_cookie,
          uniq_erolcha, uniq_pikel
D:10:     lightli_church_of_beogh
D:11:     fort_yaktaur, erik_lair_island, erik_orc_1, special_room, uniq_erica,
          uniq_urug
D:12:     trog_wizard
D:13:     uniq_frances
Temple:   dpeg_five_rooms_temple
Lair:2:   spider_nest_entry_funnel_web, ebering_ghost_funeral_grove,
          basic_altar, infiniplex_staircase_pool, uniq_harold
Lair:3:   minmay_shoals_entry_hut
Lair:4:   serial_bayou_shore_a
Lair:5:   portal_ice_cave_entry_pillars_1
Lair:6:   grunt_lair_end_beastmaster, dpeg_slime_entry_enclosed_altar,
          st_stairs_11, grunt_megastairs_3
Bailey:   bailey_axe_2, bailey
IceCv:    ice_cave_small_giant

Skill      XL: |  1  2  3  4  5  6  7  8  9 10 11 12 13 14 15 |
---------------+----------------------------------------------+-----
Fighting       | 1 2 3 5 7 8 9 |  9.8
Earth Magic    | 4 5 6 8 10 11 12 13 14 15 | 15.0
Dodging        | 2 3 4 5 6 7 |  7.0
Stealth        | 3 8 9 |  9.7
Conjurations   | 2 3 |  3.0
Armour         | 2 3 5 6 7 |  7.0
Spellcasting   | 3 4 7 |  7.0
Invocations    | 4 6 7 |  7.0
Evocations     | 3 |  3.0
Short Blades   | 6 9 10 11 12 | 12.0
Transmutations | 3 |  3.0
Poison Magic   | 1 3 |  3.0
Air Magic      | 1 3 |  3.0
Charms         | 1 3 |  3.0
Necromancy     | 1 3 |  3.0
Shields        | 1 |  1.3

Action                   |  1- 3 |  4- 6 |  7- 9 | 10-12 | 13-15 || total
-------------------------+-------+-------+-------+-------+-------++-------
Melee: Unarmed           |    46 |       |       |       |       ||    46
       Club              |       |    33 |       |       |       ||    33
       Flail             |       |    82 |    77 |       |       ||   159
       Rapier            |       |       |   155 |   177 |  1555 ||  1887
 Cast: Sandblast         |    47 |    62 |    70 |    79 |   260 ||   518
       Stone Arrow       |       |       |    11 |    10 |    80 ||   101
       Passwall          |       |       |       |     1 |       ||     1
       Mephitic Cloud    |       |       |       |       |    17 ||    17
       Regeneration      |       |       |       |       |     2 ||     2
 Abil: Evoke Flight      |       |       |       |     1 |       ||     1
       Fly               |       |       |       |       |     1 ||     1
Evoke: Wand              |       |     1 |    10 |    12 |    46 ||    69
  Use: Scroll            |     5 |     1 |     4 |     1 |    18 ||    29
       Potion            |     5 |     3 |     4 |     2 |     9 ||    23
 Stab: Sleeping          |     2 |       |     5 |     2 |    28 ||    37
       Confused          |       |       |       |       |    18 ||    18
       Distracted        |       |       |       |       |     2 ||     2
  Eat: Chunk             |     2 |     6 |    13 |    10 |    33 ||    64
       Ration            |       |       |     1 |       |     4 ||     5
Armor: Robe              |    12 |    78 |   128 |    95 |    16 ||   329
       Ring mail         |       |       |       |       |   744 ||   744
Dodge: Dodged            |    42 |   145 |   225 |   135 |  1060 ||  1607
Block: Buckler           |       |       |       |       |    31 ||    31

Table legend:
 A = Non-vault XP
 B = Vault XP
 C = Vault XP percentage of total XP
 D = Non-vault monster count
 E = Vault monster count
 F = Vault count percentage of total count
                 A         B        C        D         E       F
            +---------+---------+-------+---------+---------+-------
      Total |   51747 |   44348 |  46.2 |     455 |     244 |  34.9
            +---------+---------+-------+---------+---------+-------
        D:1 |      23 |       6 |  20.7 |      15 |       6 |  28.6
        D:2 |      53 |      19 |  26.4 |      19 |       3 |  13.6
        D:3 |      64 |       4 |   5.9 |      23 |       2 |   8.0
        D:4 |     360 |      37 |   9.3 |      12 |      13 |  52.0
        D:5 |     331 |     312 |  48.5 |      12 |       2 |  14.3
        D:6 |    1086 |     372 |  25.5 |      22 |       2 |   8.3
        D:7 |     905 |     133 |  12.8 |      26 |       6 |  18.8
        D:8 |    1015 |       0 |   0.0 |      25 |       0 |   0.0
        D:9 |    6274 |    2469 |  28.2 |      37 |      16 |  30.2
       D:10 |    3164 |    1043 |  24.8 |      38 |      12 |  24.0
       D:11 |    4813 |   15326 |  76.1 |      51 |      78 |  60.5
       D:12 |    5427 |       0 |   0.0 |      53 |       0 |   0.0
       D:13 |    3315 |       0 |   0.0 |      21 |       0 |   0.0
     Lair:1 |    3888 |       0 |   0.0 |      14 |       0 |   0.0
     Lair:2 |    2716 |    4719 |  63.5 |      15 |      12 |  44.4
     Lair:3 |    2740 |     253 |   8.5 |      14 |       1 |   6.7
     Lair:4 |    4839 |       0 |   0.0 |      13 |       0 |   0.0
     Lair:5 |    5243 |       0 |   0.0 |      21 |       0 |   0.0
     Lair:6 |    5491 |   10081 |  64.7 |      24 |      22 |  47.8
     Bailey |       0 |     850 | 100.0 |       0 |      34 | 100.0
      IceCv |       0 |    8724 | 100.0 |       0 |      35 | 100.0
            +---------+---------+-------+---------+---------+-------
